 Dungeon Sprint DCSS version 0.26-a0-663-g36e8fdb655 (webtiles) character file.

Game seed: 7640486338191264268

1931 olmar the Earth Mage (level 8, -15/73 HPs)
             Began as a Deep Dwarf Earth Elementalist on Oct 12, 2020.
             Was an Initiate of Gozag.
             Demolished by a vampire knight
             ... wielding a +0 battleaxe
              (20 damage)
             ... while paralysed by a vampire knight
             ... in the Dungeon (Sprint VII: "The Pits").
             The game lasted 00:03:43 (914 turns).

olmar the Earth Mage (Deep Dwarf Earth Elementalist) Turns: 914, Time: 00:03:43

Health: -15/73     AC:  2    Str: 12    XL:     8   Next: 97%
Magic:  5/23       EV:  2    Int: 18    God:    Gozag
Gold:   1428       SH:  0    Dex: 13    Spells: 19/29 levels left

rFire    . . .     SeeInvis .   e - +2 quarterstaff
rCold    . . .     Faith    .   (shield currently unavailable)
rNeg     . . .     Spirit   .   c - +0 robe
rPois    .         Reflect  .   (no helmet)
rElec    .         Harm     .   (no cloak)
rCorr    .         Rampage  .   (no gloves)
MR       +....     NoTele   +   (no boots)
Stlth    ++........             (no amulet)
HPRegen  0.00/turn              (no ring)
MPRegen  0.18/turn              (no ring)

@: paralysed, gold aura, non-regenerating, hasted
A: damage resistance, heal wounds, sense surroundings 1, no regeneration
a: Heal Wounds, Potion Petition, Call Merchant, Bribe Branch, Renounce Religion


You were in the Dungeon.
You worshipped Gozag.
Gozag was most pleased with you.
You visited 1 branch You collected 1428 gold pieces.

Inventory:

Hand Weapons
 e - a +2 quarterstaff (weapon)
Missiles
 b - 5 stones (quivered)
Armour
 c - a +0 robe (worn)
Wands
 n - a wand of polymorph (6)
Scrolls
 i - a scroll of blinking
 j - 3 scrolls of remove curse
 k - 5 scrolls of amnesia
 l - a scroll of summoning
Potions
 a - 2 potions of invisibility
 d - 6 potions of curing
 g - a potion of magic
 h - 2 potions of berserk rage


   Skills:
 + Level 4.5 Fighting
 - Level 3.5 Staves
 + Level 5.8 Dodging
 - Level 3.1 Stealth
 + Level 11.2 Spellcasting
 + Level 1.9 Transmutations
 + Level 15.7 Earth Magic


You had 19 spell levels left.
You knew the following spells:

 Your Spells              Type           Power        Failure   Level
a - Sandblast             Erth           ######       0%          1
b - Petrify               Tmut/Erth      #####...     1%          4
c - Lee's Rapid Deconstr  Erth           ######....   1%          5

Your spell library contained the following spells:

 Spells                   Type           Power        Failure   Level
 Passwall                 Tmut/Erth      #####...     1%          2
 Stone Arrow              Conj/Erth      #####.       1%          3


Dungeon Overview and Level Annotations

Branches:
Dungeon (1/1)

Altars:
Ashenzari
Cheibriados
Dithmenos
Elyvilon
Fedhas
Gozag
Hepliaklqana
Kikubaaqudgha
Makhleb
Nemelex Xobeh
Okawaru
Qazlal
Ru
Sif Muna
Trog
Uskayaw
Vehumet
Wu Jian
Xom
Yredelemnul
Zin
The Shining One
Beogh
Jiyva
Lugonu


Innate Abilities, Weirdness & Mutations

You are resistant to damage.
You can heal yourself by infusing magical energy.
You passively map a small area around you.
You do not regenerate.


Message History

Unknown command.
Evoke which item? (* to show all) (? for menu, Esc to quit)
Okay, then.
You feel yourself speed up.
The vampire knight casts a spell at you.
You suddenly lose the ability to move!
The vampire knight mumbles some strange words.
The vampire knight flickers and vanishes!
Deactivating autopickup; reactivate with Ctrl-A.
Something hits you!!
* * * LOW HITPOINT WARNING * * *
Something bites you.
Something draws strength from your injuries!
Something hits you.
* * * LOW HITPOINT WARNING * * *
Something bites you.
Something draws strength from your injuries!
Something hits you!!
You die...
Your body crumbles into a pile of gold.

#.#........##.......#**
#'###########.......#*
#.......#))##########
#..###..#.######* *
#.......#)#....#,
##.###.##'#....# , ,
#.......#.'V.V.+ *
#..###..#)# ,
#.....@{$.# ,,
########### *


There were no monsters in sight!

Vanquished Creatures
  2 deep elf magi (D)
  Maurice (D)
  A red devil (D)
  Grinder (D)
  A centaur (D)
  A wolf (D)
  A big kobold (D)
  3 wights (D)
  An orc priest (D)
  A river rat (D)
  An adder (D)
  An ufetubus (D)
  An ooze (D)
  2 orcs (D)
  A bat (D)
  A bat skeleton (D)
  A giant cockroach (D)
  A goblin (D)
  2 hobgoblins (D)
  2 frilled lizards (D)
26 creatures vanquished.

Notes
Turn   | Place    | Note
-------+----------+-------------------------------------------
     0 | D        | olmar the Deep Dwarf Earth Elementalist began the quest for
                  | the Orb.
     0 | D        | Reached XP level 1. HP: 15/15 MP: 3/3
     9 | D        | Reached skill level 5 in Earth Magic
     9 | D        | Reached XP level 2. HP: 22/22 MP: 3/5
    36 | D        | Found a glowing golden altar of the Shining One.
    36 | D        | Found a glowing silver altar of Zin.
    36 | D        | Found a basalt altar of Yredelemnul.
    36 | D        | Found a shimmering altar of Xom.
    36 | D        | Found an ornate altar of the Wu Jian Council.
    36 | D        | Found a bloodstained altar of Trog.
    36 | D        | Found a shimmering blue altar of Sif Muna.
    36 | D        | Found a sacrificial altar of Ru.
    36 | D        | Found a stormy altar of Qazlal.
    36 | D        | Found an iron altar of Okawaru.
    36 | D        | Found a sparkling altar of Nemelex Xobeh.
    36 | D        | Found a burning altar of Makhleb.
    36 | D        | Found a viscous altar of Jiyva.
    36 | D        | Found a hazy altar of Hepliaklqana.
    36 | D        | Found an opulent altar of Gozag.
    36 | D        | Found a blossoming altar of Fedhas.
    36 | D        | Found a white marble altar of Elyvilon.
    36 | D        | Found a shadowy altar of Dithmenos.
    36 | D        | Found a snail-covered altar of Cheibriados.
    37 | D        | Found a radiant altar of Vehumet.
    37 | D        | Found a corrupted altar of Lugonu.
    37 | D        | Found a roughly hewn altar of Beogh.
    38 | D        | Found an ancient bone altar of Kikubaaqudgha.
    38 | D        | Found a hide-covered altar of Uskayaw.
    38 | D        | Found a broken altar of Ashenzari.
    40 | D        | Became a worshipper of Gozag Ym Sagoz the Greedy
    52 | D        | Reached skill level 6 in Earth Magic
    95 | D        | Reached skill level 7 in Earth Magic
   175 | D        | Reached skill level 8 in Earth Magic
   175 | D        | Reached XP level 3. HP: 28/28 MP: 5/8
   184 | D        | Reached XP level 4. HP: 33/36 MP: 0/9
   317 | D        | Learned a level 4 spell: Petrify
   323 | D        | Noticed Grinder
   368 | D        | Noticed a wolf
   370 | D        | Noticed a centaur
   371 | D        | Noticed a deep elf mage
   373 | D        | Noticed an earth elemental
   374 | D        | Noticed an earth elemental
   375 | D        | Killed a wolf
   375 | D        | Reached skill level 1 in Staves
   375 | D        | Reached skill level 5 in Spellcasting
   375 | D        | Reached skill level 10 in Earth Magic
   375 | D        | Reached XP level 5. HP: 21/43 MP: 3/12
   378 | D        | Killed a centaur
   378 | D        | Reached skill level 1 in Fighting
   378 | D        | Reached skill level 11 in Earth Magic
   386 | D        | Killed a deep elf mage
   386 | D        | Reached skill level 5 in Dodging
   386 | D        | Reached skill level 13 in Earth Magic
   386 | D        | Reached XP level 6. HP: 27/55 MP: 0/17
   386 | D        | Reached XP level 7. HP: 30/61 MP: 0/19
   423 | D        | Killed Grinder
   423 | D        | Reached skill level 1 in Transmutations
   593 | D        | Learned a level 5 spell: Lee's Rapid Deconstruction
   643 | D        | Noticed Maurice
   645 | D        | Killed Maurice
   645 | D        | Reached skill level 10 in Spellcasting
   645 | D        | Reached skill level 14 in Earth Magic
   645 | D        | Reached XP level 8. HP: 70/70 MP: 9/22
   726 | D        | Noticed a deep elf mage
   728 | D        | Killed a deep elf mage
   728 | D        | Reached skill level 15 in Earth Magic
   787 | D        | Noticed a vampire knight
   906 | D        | Noticed a red devil
   908 | D        | Killed a red devil
   910 | D        | Paralysed by a vampire knight for 7 turns
   914 | D        | Demolished by a vampire knight

Illustrated notes

Levels and vault maps discovered:
D:        pitsprint [storerooms_1, entrance_room_1, metal_vault_2, armoury_3,
          mini_pit_1, grid_room_1, main_hall_1, silver_pit, the_coven_2,
          the_vestibule_1, steel_vault_4, golden_pit, hallway_of_sentries,
          crystal_vault_2, iron_vault_3, final_vault]

Skill      XL: |  1  2  3  4  5  6  7  8 |
---------------+-------------------------+-----
Spellcasting   | 2 3 5 8 10 11 | 11.2
Earth Magic    | 5 8 10 13 14 15 | 15.7
Stealth        | 3 |  3.1
Dodging        | 3 4 5 |  5.8
Staves         | 1 3 |  3.5
Fighting       | 2 3 4 |  4.5
Transmutations | 1 |  1.9

Action                   |  1- 3 |  4- 6 |  7- 9 || total
-------------------------+-------+-------+-------++-------
Melee: Quarterstaff      |     2 |     8 |     6 ||    16
 Cast: Sandblast         |    20 |    14 |     1 ||    35
       Lee's Rapid Decon |       |       |    15 ||    15
       Petrify           |       |       |     2 ||     2
  Use: Potion            |     2 |     2 |     8 ||    12
 Stab: Petrified         |       |       |     3 ||     3
Armor: Robe              |     2 |       |     1 ||     3
Dodge: Dodged            |    16 |    10 |     4 ||    30

Table legend: (Time is in decaauts)
 A = Elapsed time spent in this place.
 B = Non-inter-level travel time spent in this place.
 C = Inter-level travel time spent in this place.
 D = Time resting spent in this place.
 E = Time spent auto-exploring this place.
 F = Levels seen in this place.
 G = Mean time per level.
                   A        B        C        D        E       F      G
               +--------+--------+--------+--------+--------+-----+--------+
         Total |    927 |    885 |     42 |    559 |      0 |   1 |  927.0 |
       Dungeon |    927 |    885 |     42 |    559 |      0 |   1 |  927.0 |
               +--------+--------+--------+--------+--------+-----+--------+

Top non-repeatable levels by time:
       D: 927 daAuts
